 Dungeon Crawl Stone Soup version 0.30-a0-459-g9104f0fc43 (webtiles) character file.

Game seed: 17890512979211839703

9235 Ijustatesigmund the Fighter (level 11, -3/85 HPs)
             Began as a Djinni Fire Elementalist on Dec 15, 2022.
             Was a Believer of Makhleb.
             Slain by a shadow (11 damage)
             ... on level 11 of the Dungeon.
             The game lasted 00:34:23 (12318 turns).

Ijustatesigmund the Fighter (DjFE)                 Turns: 12318, Time: 00:34:24

Health: -3/85      AC:  7    Str:  9    XL:     11   Next: 70%
Gold:   618        EV: 13    Int: 20    God:    Makhleb [**....] SH:  0 Dex: 13

rFire   + . .      SeeInvis .    b - +3 short sword (vorpal)
rCold   . . .      Faith    .    (no shield)
rNeg    . . .      Spirit   .    G - +0 troll leather armour
rPois   ∞          Reflect  .    l - +0 helmet
rElec   .          Harm     .    e - +0 cloak
rCorr   +          Rampage  .    (no gloves)
Will    +....                    (boots unavailable)
Stlth   ++........               (no amulet)
HPRegen 1.14/turn                u - ring of resist corrosion
MPRegen 0.00/turn                v - ring of ice

@: spiked, flying
A: sickness immunity, fire resistance 2, cold vulnerability 1, float, innate
caster, HP casting, extra vitality 1
a: Renounce Religion, Minor Destruction


You were on level 11 of the Dungeon.
You worshipped Makhleb.
Makhleb was pleased with you.
You visited 2 branches of the dungeon, and saw 12 of its levels.

You collected 702 gold pieces.
You spent 84 gold pieces at shops.

Inventory:

Hand Weapons
 b - a +3 vorpal short sword (weapon)
 j - a +0 short sword
Missiles
 g - 5 curare-tipped darts (quivered)
 k - 6 silver javelins
 t - 4 atropa-tipped darts
Armour
 a - a +2 robe of fire resistance
 e - a +0 cloak (worn)
 l - a +0 helmet (worn)
 E - +0 steam dragon scales
 G - a +0 troll leather armour (worn)
Jewellery
 u - a ring of resist corrosion (left hand)
 v - a ring of ice (right hand)
 A - a ring of see invisible
 D - a ring of fire
Wands
 f - a wand of flame (16)
 q - a wand of charming (22)
 x - a wand of roots (2)
Scrolls
 r - 2 scrolls of noise
 w - 2 scrolls of teleportation
 y - 2 scrolls of immolation
 B - a scroll of poison
 F - a scroll of silence
 H - a scroll of brand weapon
Potions
 c - a potion of heal wounds
 d - 3 potions of curing
 h - 4 potions of might
 m - a potion of ambrosia
 n - a potion of haste
 o - 2 potions of resistance
 p - 2 potions of flight {unknown}
 s - 3 potions of attraction {unknown}
 z - 3 potions of lignification {unknown}
 C - a potion of brilliance {unknown}


   Skills:
 + Level 10.0 Fighting
 - Level 3.0 Short Blades
 + Level 4.1 Armour
 - Level 5.2 Dodging
 - Level 1.5 Stealth
 + Level 8.1 Spellcasting
 + Level 7.6 Invocations


You couldn't memorise any spells.
You knew the following spells:

 Your Spells              Type           Power      Damage    Failure   Level
a - Foxfire               Conj/Fire      100%       2x1d9     1%          1
b - Scorch                Fire           80%        2d9       1%          2
c - Kindle Blastsparks    Fire/Tloc/Air  80%        2d16      1%          3
d - Inner Flame           Hex/Fire       40%        N/A       1%          3
e - Flame Wave            Conj/Fire      40%        2d11      4%          4
f - Magic Dart            Conj           100%       1d8       1%          1
g - Blink                 Tloc           80%        N/A       1%          2
h - Teleport Other        Tloc           40%        N/A       1%          3
i - Ignite Poison         Fire/Tmut/Pois 40%        N/A       1%          3
j - Summon Ice Beast      Ice/Summ       57%        N/A       4%          4
Your spell library was empty.

Dungeon Overview and Level Annotations

Branches:
Dungeon (11/15)            Temple (1/1) D:6            Lair (0/5) D:9
    Orc (0/2) D:9

Altars:
Ashenzari
Cheibriados
Dithmenos
Elyvilon
Fedhas
Gozag
Hepliaklqana
Makhleb
Nemelex Xobeh
Okawaru
Qazlal
Ru
Trog
Uskayaw
Wu Jian
Xom
Yredelemnul
Zin
The Shining One

Shops:
D:3 !   D:5 :   D:9 [


Innate Abilities, Weirdness & Mutations

You are immune to sickness and miasma.
You are immune to poison.
Your flesh is very heat resistant. (rF++)
You are vulnerable to cold. (rC-)
You float through the air rather than walking.
You learn spells naturally, not from books.
Your magical power is your life essence.
You have superior vitality. (+4 MHP)


Message History

Deactivating autopickup; reactivate with Ctrl-A.
Casting: Flame Wave (dangerous; 4% risk of failure)
Confirm with . or Enter, or press ? or * to list all spells.
Flames lash the manticore.
The manticore is almost dead.
The manticore's fire resistance burns away.
The manticore bites you!
* * * LOW HITPOINT WARNING * * *
The manticore barely misses you. The manticore claws you.
* * * LOW HITPOINT WARNING * * *
The manticore misses you. The manticore barely misses you. x2
You feel much better. The manticore closely misses you.
The manticore completely misses you. The manticore misses you.
You hit the manticore.
The manticore is almost dead.
The manticore is no longer more vulnerable to fire.
The manticore bites you. The manticore closely misses you.
The manticore claws you!
* * * LOW HITPOINT WARNING * * *
Casting: Scorch (safe; 1% risk of failure)
Confirm with . or Enter, or press ? or * to list all spells.
Casting: Flame Wave (dangerous; 4% risk of failure)
Press: ? - help, Dir - look around, f - activate A wave of flame ripples out!
The flame wave engulfs the manticore.
The manticore is almost dead. (Press . to intensify the flame waves.)
* * * LOW HITPOINT WARNING * * *
The manticore bites you!
* * * LOW HITPOINT WARNING * * *
The manticore claws you but does no damage.
The manticore claws you.
* * * LOW HITPOINT WARNING * * *
Unknown command.
A wave of flame ripples out!
The flame wave engulfs the manticore but does no damage.
The manticore is almost dead.
The flame wave engulfs something!!
* * * LOW HITPOINT WARNING * * *
The shadow strikes at you from the darkness!
You die...

.........#
.........#
..(......#
.........#
.........#
#.......#
#....H{.# .
#@# ...
######.#
#...##......#
#....####.#
###.#.#####
#.#..# #.##.#
..##.#
#.##.#####


You could see a manticore.

Vanquished Creatures
  A two-headed ogre (D:10)
  Pikel (D:5)
  A necromancer (D:10)
  Maggie (D:8)
  Psyche (D:8)
  An unseen horror (D:11)
  A troll (D:9)
  2 polar bears (D:10)
  A hornet (D:8)
  A shadow (D:10)
  A centaur simulacrum (D:10)
  A wraith (D:9)
  8 yaks
  2 wyverns
  3 steam dragons
  5 vampire mosquitoes
  An acid dragon (D:9)
  2 orc warriors
  3 ice beasts
  A wolf (D:10)
  3 lemures (D:5)
  3 centaurs
  A phantom (D:5)
  Blork the orc (D:5)
  A scorpion (D:7)
  4 bullfrogs
  3 killer bees (D:8)
  3 electric eels
  5 orc priests
  2 hounds
  A jelly (D:5)
  Crazy Yiuf (D:3)
  2 iguanas
  9 orc wizards
  Terence (D:2)
  3 polar bear simulacra (D:10)
  3 yak simulacra (D:10)
  3 wolf simulacra (D:10)
  5 adders
  2 shadow imps
  8 white imps
  3 ufetubi
  A worm (D:5)
  4 dart slugs
  36 orcs
  5 bats
  6 endoplasms
  3 giant cockroaches
  9 goblins
  8 hobgoblins
  4 jackals
  3 quokkas
  3 ball pythons
  2 frilled lizards
  7 kobolds
  3 rats (D:2)
  2 river rat simulacra (D:10)
201 creatures vanquished.

Vanquished Creatures (collateral kills)
  4 yaks (D:10)
  A scorpion (D:5)
  A howler monkey (D:10)
  An orc (D:5)
  6 foxfires
13 creatures vanquished.

Vanquished Creatures (others)
  A yak (D:9)
  15 demonic plants (D:3)
  393 foxfires
  7 fungi
  18 plants
  3 withered plants (D:3)
437 creatures vanquished.

Grand Total: 651 creatures vanquished

Notes
Turn   | Place    | Note
-------+----------+-------------------------------------------
     0 | D:1      | Ijustatesigmund the Djinni Fire Elementalist began the
                  | quest for the Orb.
     0 | D:1      | Ijustatesigmund set off with the following spells
                  | memorised: Foxfire, Scorch, Kindle Blastsparks, Inner
                  | Flame, Flame Wave.
     0 | D:1      | Reached XP level 1. HP: 15/15 MP: 0/0
   181 | D:1      | Reached skill level 1 in Fighting
   181 | D:1      | Reached XP level 2. HP: 16/22 MP: 0/0
   517 | D:1      | Reached XP level 3. HP: 22/27 MP: 0/0
   517 | D:1      | Learned a level 1 spell: Magic Dart
   983 | D:2      | Noticed Terence
   995 | D:2      | Killed Terence
   996 | D:2      | Reached skill level 2 in Fighting
   996 | D:2      | Reached XP level 4. HP: 24/33 MP: 0/0
  1811 | D:3      | Found a faded altar of an unknown god.
  1929 | D:3      | Found Bioteras's Distillery.
  1936 | D:3      | Bought a potion of heal wounds for 70 gold pieces
  1965 | D:3      | Found a runed translucent door.
  1966 | D:3      | Noticed Crazy Yiuf
  1972 | D:3      | Killed Crazy Yiuf
  1973 | D:3      | Reached skill level 1 in Short Blades
  1973 | D:3      | Reached XP level 5. HP: 35/39 MP: 0/0
  1973 | D:3      | Learned a level 2 spell: Blink
  2552 | D:4      | Noticed Natasha
  3222 | D:5      | Entered Level 5 of the Dungeon
  3239 | D:5      | Noticed an orc warrior
  3252 | D:5      | Reached skill level 3 in Fighting
  3256 | D:5      | Reached XP level 6. HP: 40/46 MP: 0/0
  3262 | D:5      | Noticed a wyvern
  3268 | D:5      | Killed a wyvern
  3269 | D:5      | Reached XP level 7. HP: 26/51 MP: 0/0
  3269 | D:5      | Learned a level 3 spell: Teleport Other
  3370 | D:5      | Found a glowing golden altar of the Shining One.
  3394 | D:5      | Found a stormy altar of Qazlal.
  3434 | D:5      | Found Soiroun's Book Shoppe.
  3469 | D:5      | Noticed Blork the orc
  3480 | D:5      | Killed Blork the orc
  3481 | D:5      | Reached skill level 4 in Fighting
  3635 | D:3      | Bought a potion of degeneration for 14 gold pieces
  4597 | D:5      | Reached XP level 8. HP: 57/58 MP: 0/0
  4881 | D:5      | Found a shadowy altar of Dithmenos.
  4894 | D:5      | Noticed Pikel
  4908 | D:5      | Killed Pikel
  4909 | D:5      | Reached skill level 5 in Fighting
  4909 | D:5      | Reached skill level 5 in Spellcasting
  5516 | D:6      | Reached skill level 6 in Fighting
  5516 | D:6      | Reached skill level 5 in Dodging
  5516 | D:6      | Reached XP level 9. HP: 38/66 MP: 0/0
  5516 | D:6      | Learned a level 3 spell: Ignite Poison
  5810 | D:6      | Found a staircase to the Ecumenical Temple.
  5819 | Temple   | Entered the Ecumenical Temple
  5965 | Temple   | Became a worshipper of Makhleb the Destroyer
  6278 | D:6      | Reached skill level 1 in Invocations
  6703 | D:7      | Found a snail-covered altar of Cheibriados.
  6876 | D:7      | Found a basalt altar of Yredelemnul.
  7542 | D:8      | Found a sacrificial altar of Ru.
  7697 | D:8      | Reached skill level 7 in Fighting
  7978 | D:8      | Noticed a hornet
  7984 | D:8      | Killed a hornet
  8266 | D:8      | Reached XP level 10. HP: 16/75 MP: 0/0
  8748 | D:8      | Reached * piety under Makhleb
  8861 | D:8      | Reached skill level 8 in Fighting
  8952 | D:8      | Noticed Psyche
  9035 | D:8      | Reached skill level 5 in Invocations
  9082 | D:8      | Noticed Maggie
  9088 | D:8      | Killed Psyche
  9096 | D:8      | Killed Maggie
 10278 | D:9      | Found Zueff's Antique Armour Shop.
 10313 | D:9      | Found a staircase to the Lair.
 10353 | D:9      | Found a staircase to the Orcish Mines.
 10391 | D:9      | Found a blossoming altar of Fedhas.
 10634 | D:9      | Noticed a fire dragon
 10748 | D:10     | Entered Level 10 of the Dungeon
 10791 | D:10     | Reached skill level 9 in Fighting
 10829 | D:10     | Reached skill level 1 in Armour
 10903 | D:10     | Reached XP level 11. HP: 40/84 MP: 0/0
 10903 | D:10     | Learned a level 4 spell: Summon Ice Beast
 11211 | D:10     | Reached ** piety under Makhleb
 11533 | D:10     | Noticed a two-headed ogre
 11549 | D:10     | Killed a two-headed ogre
 11595 | D:10     | Noticed a necromancer
 11607 | D:10     | Killed a necromancer
 11917 | D:11     | Noticed a cyclops
 12241 | D:11     | Reached skill level 10 in Fighting
 12304 | D:11     | Noticed a manticore
 12318 | D:11     | Slain by a shadow

Illustrated notes

Levels and vault maps discovered:
D:1:      dpeg_arrival_water_fire, layout_basic, minmay_statues_item
D:2:      layout_rooms, minmay_tetromino_i2, uniq_terence
D:3:      layout_basic, shapermc_ecumenical_altar_gd, serial_shops,
          shop_fountains, uniq_crazy_yiuf_cottage
D:4:      layout_basic, item_on_display_a, uniq_natasha
D:5:      layout_rooms, grunt_dithmenos_shadows, minitemple, serial_shops, shop,
          dk_noncrumbling_3, nicolae_fountain_basement, uniq_blork_the_orc,
          uniq_pikel
D:6:      layout_rooms, minmay_temple_entry_large_hall, serial_co_window_serial,
          co_window_corner_a, co_window_paths_b, co_window_paths_b,
          co_window_paths_a, co_window_paths_a, co_window_of_opportunity_b,
          co_window_broadway_b, co_window_2corner, co_window_corner_b,
          co_window_4corner_b, co_window_4corner_a, glass_columns_a,
          glass_columns_a, glass_columns_b, glass_columns_c,
          chequers_serial_rivers_room_b, serial_bayou_pond_e
D:7:      layout_rooms, lemuel_crystal_altar, overflow_temple_1_default
D:8:      layout_loops_corners, nicolae_ru_awakened_eye, serial_bayou,
          serial_bayou_crossing, serial_bayou_pond_a, serial_bayou_pond_d,
          serial_bayou_pond_d, uniq_psyche, uniq_maggie
D:9:      dragon1_lemuel, layout_layer_cave, kennysheep_mini, dpeg_oklobed_lair,
          orc_0_dummy, serial_shops, nicolae_square_shop,
          hangedman_abyss_or_decor_clamps
D:10:     layout_basic, serial_ice, serial_ice_k, serial_ice_f, serial_ice_o,
          serial_ice_a, serial_ice_c, serial_ice_n, serial_ice_g,
          eino_house_with_fridge
D:11:     layout_basic, nicolae_benzene_ring, kennysheep_small_spiral,
          uniq_fannar, uniq_nergalle
Temple:   nicolae_temple_bog_church

Skill      XL: |  1  2  3  4  5  6  7  8  9 10 11 |
---------------+----------------------------------+-----
Fighting       | 1 2 3 4 6 7 9 10 | 10.0
Spellcasting   | 3 4 5 6 7 8 |  8.1
Short Blades   | 1 2 3 |  3.0
Dodging        | 3 5 |  5.2
Invocations    | 4 6 7 |  7.6
Armour         | 1 4 |  4.1
Stealth        | |  1.5

Action                   |  1- 3 |  4- 6 |  7- 9 | 10-12 || total
-------------------------+-------+-------+-------+-------++-------
Melee: Spear             |     2 |       |       |       ||     2
       Short sword       |       |    25 |     3 |    23 ||    51
Throw: Javelin           |       |     1 |       |       ||     1
       Dart              |       |       |       |     6 ||     6
 Cast: Foxfire           |    36 |    53 |    97 |    44 ||   230
       Scorch            |     7 |    24 |    58 |    80 ||   169
       Magic Dart        |       |    17 |    10 |     9 ||    36
       Teleport Other    |       |       |     1 |       ||     1
       Flame Wave        |       |       |     6 |    16 ||    22
       Kindle Blastspark |       |       |     2 |    19 ||    21
       Summon Ice Beast  |       |       |       |     6 ||     6
Evoke: Wand              |       |     1 |       |     7 ||     8
  Use: Scroll            |       |     7 |    14 |     5 ||    26
       Potion            |       |       |       |     5 ||     5
 Stab: Sleeping          |       |       |     1 |       ||     1
Armor: Robe              |     1 |    11 |    10 |     2 ||    24
       Troll leather arm |       |       |       |    42 ||    42
       Steam dragon scal |       |       |       |    10 ||    10
Dodge: Dodged            |     7 |    30 |    47 |   109 ||   193

Table legend: (Time is in decaauts)
 A = Elapsed time spent in this place.
 B = Non-inter-level travel time spent in this place.
 C = Inter-level travel time spent in this place.
 D = Time resting spent in this place.
 E = Time spent auto-exploring this place.
 F = Levels seen in this place.
 G = Mean time per level.
                   A        B        C        D        E       F      G
               +--------+--------+--------+--------+--------+-----+--------+
         Total |  12294 |  11699 |    595 |   2907 |   6957 |  12 | 1024.5 |
       Dungeon |  12131 |  11572 |    559 |   2907 |   6841 |  11 | 1102.8 |
        Temple |    162 |    127 |     35 |      0 |    116 |   1 |  162.0 |
               +--------+--------+--------+--------+--------+-----+--------+

Top non-repeatable levels by time:
     D:8: 1931 daAuts
     D:3: 1611 daAuts
    D:10: 1253 daAuts
     D:4: 1171 daAuts
     D:6: 1150 daAuts
     D:9: 1132 daAuts
     D:5: 1100 daAuts
     D:1: 982 daAuts
     D:7: 956 daAuts
     D:2: 528 daAuts
    D:11: 313 daAuts
  Temple: 162 daAuts
